 Dungeon Crawl Stone Soup version 0.25.1-2-g60ff931df9 (webtiles) character file.

Game seed: 7002179947203244230

97 hawla the Sneak (level 4, -4/29 HPs)
             Began as an Octopode Assassin on Oct 2, 2020.
             Slain by a goblin
             ... wielding a +0 club
             ... led by Robin
              (7 damage)
             ... on level 2 of the Dungeon.
             The game lasted 00:05:00 (1983 turns).

hawla the Sneak (Octopode Assassin)                 Turns: 1983, Time: 00:05:00

Health: -4/29      AC:  1    Str:  7    XL:     4   Next: 68%
Magic:  4/4        EV: 13    Int: 13    God:
Gold:   116        SH:  0    Dex: 13    Spells: 3/3 levels left

rFire    . . .     SeeInvis .   a - +3 dagger
rCold    . . .     Gourm    .   (no shield)
rNeg     . . .     Faith    .   (helmet restricted)
rPois    .         Spirit   .   (no amulet)
rElec    .         Reflect  .   i - -4 ring of strength (curse)
rCorr    .         Harm     .   (no ring)
MR       .....                  (no ring)
Stlth    ++++......             (no ring)
HPRegen  0.09/turn              (no ring)
MPRegen  0.09/turn              (no ring)
                                (no ring)
                                (no ring)

@: no status effects
A: almost no armour, stealthy swim, amphibious, 8 rings, constrict 8, camouflage
1, gelatinous body 1
a: no special abilities


You were on level 2 of the Dungeon.
You were not hungry.

You visited 1 branch of the dungeon, and saw 2 of its levels.

You collected 116 gold pieces.

Inventory:

Hand Weapons
 a - a +3 dagger (weapon)
Missiles
 b - 3 poisoned darts (quivered)
Jewellery
 i - a cursed -4 ring of strength (left tentacle)
Scrolls
 g - a scroll of enchant armour
 j - a scroll of identify
Potions
 e - 2 potions of might
 h - a potion of curing
 l - a potion of brilliance
Comestibles
 d - 3 rations
 f - a chunk of flesh


   Skills:
 + Level 2.2 Fighting
 + Level 2.5 Short Blades
 + Level 2.4 Throwing
 * Level 1.8 Dodging
 * Level 7.0 Stealth


You had 3 spell levels left.
You didn't know any spells.
Your spell library was empty.

Dungeon Overview and Level Annotations

Branches:
Dungeon (2/15)

Altars:
Uskayaw

Annotations:
D:2 Robin


Innate Abilities, Weirdness & Mutations

You cannot wear most types of armour.
You are very stealthy in the water. (Stealth+)
You are amphibious.
You can wear up to eight rings at the same time.
You can use your tentacles to constrict eight enemies at once.
Your skin changes colour to match your surroundings (Stealth+).
Your rubbery body absorbs attacks. (AC +1, EV +1)


Message History

Robin roars a battlecry!
The goblins go into a battle-frenzy!
The goblin barely misses you. The goblin hits you with a +0 club.
* * * LOW HITPOINT WARNING * * *
Throwing (i - inventory)
b - 4 poisoned darts (quivered)
Press: ? - help, Shift-Dir - straight line, f/p - Robin
Aim: Robin, wielding a +0 spear, wearing a +0 animal skin and wearing a +0 helmet You throw a poisoned dart.
The poisoned dart barely misses the goblin.
The poisoned dart closely misses the goblin.
The poisoned dart hits Robin.
Robin is poisoned.
You kill the goblin!
The goblin closely misses you. Robin throws the goblin at you!
* * * LOW HITPOINT WARNING * * *
The goblin hits you with a +0 club.
* * * LOW HITPOINT WARNING * * *
You hit the goblin. Your grab misses the goblin. You squeeze the goblin.
You kill the goblin!
The goblin hits you with a +0 club!
You die...

#.# #................># #.#
#.................# #.###
#.................# #...#
#.......>.(.......# ###.##
#................######## #..#
#####...)(......#.......## ##.#
##...g#..##....###.... #.#
#.##g##.##.8..._...8. #.#
#.##@##.##.....).....
###.########.##.##..#.8.....[.8.
#..........#.##(....#÷..........
#..........#.######..÷8.......8.
#..............[.......)........
############.########.....†..##.
## ########.# #....##.#### .#
#........# #....##..... .#
#.......## #....#######


You could see Robin (poisoned) and a goblin (strong).

Vanquished Creatures
  3 adders (D:2)
  2 worms (D:2)
  3 dart slugs
  A leopard gecko (D:1)
  2 giant cockroaches (D:2)
  11 goblins
  11 hobgoblins
  6 kobolds
  A ball python (D:1)
  7 bats
  5 frilled lizards
  6 rats
58 creatures vanquished.

Notes
Turn   | Place    | Note
-------+----------+-------------------------------------------
     0 | D:1      | hawla the Octopode Assassin began the quest for the Orb.
     0 | D:1      | Reached XP level 1. HP: 14/14 MP: 1/1
   214 | D:1      | Reached XP level 2. HP: 19/19 MP: 2/2
   231 | D:1      | Reached skill level 6 in Stealth
   592 | D:1      | Reached XP level 3. HP: 12/24 MP: 3/3
  1256 | D:2      | Found a hide-covered altar of Uskayaw.
  1286 | D:2      | Reached XP level 4. HP: 23/29 MP: 4/4
  1959 | D:2      | Noticed Robin
  1973 | D:2      | Reached skill level 7 in Stealth
  1983 | D:2      | Slain by a goblin

Illustrated notes

Levels and vault maps discovered:
D:1:      minmay_arrival_four_houses, layout_basic
D:2:      layout_rooms, eat_drink_and_be_merry_uskayaw, uniq_robin

Skill      XL: |  1  2  3  4 |
---------------+-------------+-----
Stealth        | 6 7 |  7.0
Fighting       | |  2.2
Short Blades   | |  2.5
Throwing       | |  2.4
Dodging        | |  1.8

Action                   |  1- 3 |  4- 6 || total
-------------------------+-------+-------++-------
Melee: Dagger            |    68 |    30 ||    98
       Constrict         |    18 |     6 ||    24
       Tentacles         |     8 |     7 ||    15
Throw: Dart              |       |    18 ||    18
  Use: Scroll            |     6 |       ||     6
       Potion            |       |     1 ||     1
 Stab: Sleeping          |     6 |       ||     6
  Eat: Chunk             |     1 |     2 ||     3
Armor: Skin              |     4 |     1 ||     5
Dodge: Dodged            |    43 |    26 ||    69
